 Dungeon Crawl Stone Soup version 0.19.0-20-gbc5f0c6 (webtiles) character file.

3592 tomat the Basher (level 9, -2/109 HPs)
             Began as a Minotaur Berserker on Nov 16, 2016.
             Was an Elder of Trog.
             Slain by a seven-headed hydra (4 damage)
             ... on level 8 of the Dungeon.
             The game lasted 00:26:26 (5928 turns).

tomat the Basher (Minotaur Berserker)               Turns: 5928, Time: 00:26:27

Health: -2/109     AC: 11    Str: 30    XL:     9   Next: 85%
Magic:  0/8        EV: 19    Int:  8    God:    Trog [****..]
Gold:   238        SH:  0    Dex: 12    Spells: 0 memorised, 8 levels left

rFire  + . .     SeeInvis .     h - +2 flail (protect)
rCold  + . .     Gourm    .     b - +0 animal skin
rNeg   . . .     Faith    .     (no shield)
rPois  .         Spirit   +     (helmet restricted)
rElec  .         Reflect  .     p - +0 cloak
rCorr  .         Harm     .     i - +1 pair of gloves
MR     .....                    (no boots)
Stlth  ..........               R - amulet of guardian spirit
                                e - +3 ring of evasion
                                D - ring "Qeil" {+Inv rC+ Int+4 Dex+2 Stlth-}

@: berserking, protection aura, very quick
A: retaliatory headbutt, horns 2, deformed body, fire resistance 1, frail 1
a: Berserk, Trog's Hand, Brothers in Arms, Burn Spellbooks, Renounce Religion,
Evoke Invisibility


You were on level 8 of the Dungeon.
You worshipped Trog.
Trog was greatly pleased with you.
You were near starving.

You visited 1 branch of the dungeon, and saw 8 of its levels.
You also visited: Ossuary.

You collected 238 gold pieces.

Inventory:

Hand Weapons
 a - a +1 mace
 h - a +2 flail of protection (weapon)
 v - a +4 quarterstaff of chaos
Missiles
 H - 10 tomahawks (quivered)
Armour
 b - a +0 animal skin (worn)
 f - a +0 pair of gloves
 i - a +1 pair of gloves (worn)
 p - a +0 cloak (worn)
Jewellery
 e - a +3 ring of evasion (right hand)
 k - an uncursed ring of protection from fire
 n - an uncursed ring of positive energy
 w - an uncursed ring of see invisible
 D - the ring "Qeil" (left hand) {+Inv rC+ Int+4 Dex+2 Stlth-}
   (You found it on level 6 of the Dungeon)

   [ring of protection from cold]

   It affects your intelligence (+4).
   It affects your dexterity (+2).
   It protects you from cold.
   It lets you turn invisible.
   It makes you less stealthy.
 F - a +2 ring of evasion
 G - an uncursed ring of protection from fire
 L - an uncursed amulet of rage
 P - an uncursed ring of protection from magic
 R - an amulet of guardian spirit (around neck)
Wands
 l - a wand of random effects (22/48)
 B - a wand of lightning (3/15)
 K - a wand of disintegration (11/24)
 M - a wand of iceblast (8/15)
 N - a wand of lightning (10/15)
Scrolls
 c - a scroll of amnesia
 m - 2 scrolls of blinking
 o - 4 scrolls of identify
 q - 2 scrolls of recharging
 t - 2 scrolls of remove curse
 y - 4 scrolls of enchant armour
 A - a scroll of magic mapping
 C - a scroll of teleportation
 Q - a scroll of fog {unknown}
Potions
 d - 2 potions of invisibility
 g - 4 potions of curing
 j - 2 potions of haste
 s - a potion of degeneration
 x - 3 potions of might
 z - a potion of flight
 J - a potion of brilliance
 O - a potion of heal wounds {unknown}
Comestibles
 r - 5 meat rations
 u - 2 beef jerkies
 E - 9 fruits
 I - a slice of pizza


   Skills:
 + Level 8.8 Fighting
 + Level 12.4 Maces & Flails
 + Level 3.0 Armour
 + Level 7.3 Dodging
 + Level 2.1 Stealth
 + Level 0.5 Evocations


You had 8 spell levels left.
You didn't know any spells.

Dungeon Overview and Level Annotations

Branches:
Dungeon (8/15)             Temple (0/1) D:6
   Lair: D:8-11

Altars:
Dithmenos
Elyvilon
Nemelex Xobeh
Sif Muna
Yredelemnul


Innate Abilities, Weirdness & Mutations

You reflexively headbutt those who attack you in melee.
You have a pair of horns on your head.
Armour fits poorly on your strangely shaped body.
Your flesh is heat resistant. (rF+)
You are frail. (-10% HP)


Message History

The seven-headed hydra barely misses you. x2
The seven-headed hydra bites you. The komodo dragon bites you!!
* * * LOW HITPOINT WARNING * * *
You bludgeon the komodo dragon!!
You kill the komodo dragon!
Trog accepts your kill.
The electric eel shoots out a bolt of lightning at you!
The bolt of electricity hits you!
* * * LOW HITPOINT WARNING * * *
You bludgeon the seven-headed hydra!! You headbutt the seven-headed hydra.
The seven-headed hydra is heavily wounded.
The seven-headed hydra bites you!
* * * LOW HITPOINT WARNING * * *
The seven-headed hydra bites you.
* * * LOW HITPOINT WARNING * * *
The seven-headed hydra bites you.
* * * LOW HITPOINT WARNING * * *
The seven-headed hydra bites you but does no damage.
The seven-headed hydra bites you.
You die...

##....###
####...
#.#####≈≈≈≈≈≈≈
#... #.#
##≈≈≈≈≈≈≈≈
#...
#.###≈≈≈≈≈≈≈≈≈
##..
#.##≈≈≈≈≈≈≈≈≈≈
##.
#.#≈≈≈≈≈≈≈≈≈≈≈
.
#.#≈≈≈≈≈≈≈≈;≈≈
.
#.#≈≈≈≈D≈≈#..#
##
#.'...@†.....?
#.
#.'..........$
#.
###≈≈≈≈≈≈≈#..#
#.
#≈≈≈≈≈≈;≈;≈≈
#.
#≈≈≈≈≈≈≈≈≈≈≈
#.
##≈≈≈≈≈≈≈≈≈≈
##.
##≈≈≈≈≈≈≈≈≈
##..
##≈≈≈≈≈≈≈≈
##... #....


You could see a seven-headed hydra and 3 electric eels.

Vanquished Creatures
  The ghost of Philosophy the Cleaver, a novice HOFi of Okawaru (D:6)
  A komodo dragon (D:8)
  Grinder (D:6)
  A wyvern (D:8)
  2 ice beasts (D:6)
  A black bear (D:8)
  A sky beast (D:8)
  4 ogres
  A centaur (D:8)
  A big kobold (D:8)
  A bullfrog (D:6)
  8 scorpions
  4 howler monkeys
  A crimson imp (D:7)
  6 centaur zombies (Ossuary)
  3 hounds
  A bullfrog zombie (D:5)
  Crazy Yiuf (D:5)
  2 orc priests
  3 bullfrog skeletons
  An iguana (D:7)
  5 worker ants
  A hound skeleton (D:6)
  3 mummies (Ossuary)
  7 gnolls (D:6)
  10 adders
  2 scorpion zombies (Ossuary)
  3 shadow imps
  2 oozes
  An adder zombie (D:7)
  2 worms
  2 dart slugs
  2 leopard geckos
  12 orcs
  A ball python (D:3)
  7 bats
  8 giant cockroaches
  A gnoll zombie (Ossuary)
  8 goblins
  6 hobgoblins
  4 jackals
  4 quokkas
  7 frilled lizards
  2 goblin zombies
  A hobgoblin zombie (Ossuary)
  3 jackal skeletons
  8 kobolds
  2 kobold zombies (Ossuary)
  2 orc zombies (Ossuary)
  8 rats
  A rat zombie (D:4)
  4 withered plants (D:2)
174 creatures vanquished.

Vanquished Creatures (others)
  A hobgoblin zombie (Ossuary)
1 creature vanquished.

Grand Total: 175 creatures vanquished

Notes
Turn   | Place    | Note
-------+----------+-------------------------------------------
     0 | D:1      | tomat the Minotaur Berserker began the quest for the Orb.
     0 | D:1      | Reached XP level 1. HP: 19/19 MP: 0/0
    47 | D:1      | Reached XP level 2. HP: 27/27 MP: 1/1
   197 | D:1      | Reached skill level 4 in Maces & Flails
   455 | D:1      | Reached ** piety under Trog
   543 | D:2      | Reached XP level 3. HP: 31/33 MP: 2/2
  1210 | D:2      | Reached XP level 4. HP: 40/41 MP: 3/3
  1363 | D:2      | Found a basalt altar of Yredelemnul.
  1368 | D:2      | Reached skill level 5 in Maces & Flails
  2595 | D:3      | Reached *** piety under Trog
  2719 | D:4      | Reached XP level 5. HP: 47/47 MP: 4/4
  2800 | D:4      | Found a sand-covered staircase.
  2807 | D:4      | Reached skill level 5 in Fighting
  3075 | D:4      | Reached XP level 6. HP: 46/56 MP: 5/5
  3094 | Ossuary  | Entered an ossuary
  3108 | Ossuary  | Reached skill level 6 in Maces & Flails
  3108 | Ossuary  | Reached skill level 1 in Stealth
  3358 | Ossuary  | Reached skill level 7 in Maces & Flails
  3471 | Ossuary  | Reached XP level 7. HP: 51/62 MP: 6/6
  3516 | Ossuary  | Gained mutation: Your flesh is heat resistant. (rF+) [potion of beneficial mutation]
  3573 | Ossuary  | Gained mutation: You are frail. (-10% HP) [potion of mutation]
  3573 | Ossuary  | Gained mutation: Armour fits poorly on your strangely shaped body. [potion of mutation]
  3907 | D:5      | Entered Level 5 of the Dungeon
  3923 | D:5      | Reached skill level 8 in Maces & Flails
  4042 | D:5      | Found a faded altar of an unknown god.
  4042 | D:5      | Found a deep blue altar of Sif Muna.
  4048 | D:5      | Found a faded altar of an unknown god.
  4050 | D:5      | Found a faded altar of an unknown god.
  4052 | D:5      | Found a faded altar of an unknown god.
  4220 | D:5      | Found a runed door.
  4224 | D:5      | Noticed Crazy Yiuf
  4229 | D:5      | Killed Crazy Yiuf
  4288 | D:5      | Reached XP level 8. HP: 62/63 MP: 7/7
  4407 | D:5      | Reached skill level 5 in Dodging
  4415 | D:5      | Reached skill level 9 in Maces & Flails
  4485 | D:6      | Got a faintly glowing marble ring
  4487 | D:6      | Identified the ring "Qeil" {+Inv rC+ Int+4 Dex+2 Stlth-} (You found it on level 6 of the Dungeon)
  4541 | D:6      | Reached **** piety under Trog
  4603 | D:6      | Noticed Philosophy's ghost (novice HOFi)
  4616 | D:6      | Killed Philosophy's ghost
  4616 | D:6      | Reached skill level 10 in Maces & Flails
  4618 | D:6      | Noticed Grinder
  4627 | D:6      | Paralysed by Grinder for 7 turns
  4637 | D:6      | Killed Grinder
  4961 | D:6      | Reached XP level 9. HP: 63/71 MP: 8/8
  4965 | D:6      | Found a sparkling altar of Nemelex Xobeh.
  4985 | D:6      | Reached skill level 11 in Maces & Flails
  4986 | D:6      | Found a shadowy altar of Dithmenos.
  5228 | D:6      | Found a staircase to the Ecumenical Temple.
  5586 | D:8      | Reached skill level 12 in Maces & Flails
  5727 | D:8      | Found a white marble altar of Elyvilon.
  5920 | D:8      | Noticed a komodo dragon
  5920 | D:8      | Noticed a seven-headed hydra
  5927 | D:8      | Killed a komodo dragon
  5928 | D:8      | HP: 4/109 [seven-headed hydra (5)]
  5928 | D:8      | Slain by a seven-headed hydra

Skill      XL: |  1  2  3  4  5  6  7  8  9 |
---------------+----------------------------+-----
Fighting       | 4 5 6 7 8 |  8.8
Maces & Flails | 4 5 7 8 10 12 | 12.4
Armour         | 3 |  3.0
Dodging        | 3 4 6 7 |  7.3
Stealth        | 1 2 |  2.1
Evocations     | |  0.5

Action                   |  1- 3 |  4- 6 |  7- 9 || total
-------------------------+-------+-------+-------++-------
Melee: Mace              |    74 |   154 |       ||   228
       Headbutt          |    13 |    63 |    46 ||   122
       Flail             |       |    55 |   216 ||   271
Invok: Berserk           |     1 |     3 |     3 ||     7
       Trog's Hand       |       |     1 |       ||     1
       Burn Spellbooks   |       |       |     1 ||     1
Evoke: Wand              |       |       |     3 ||     3
  Use: Scroll            |       |     7 |     6 ||    13
       Potion            |       |     5 |     9 ||    14
  Eat: Chunk             |     1 |     2 |     4 ||     7
       Bread ration      |       |     2 |     1 ||     3
       Beef jerky        |       |     1 |       ||     1
Armor: Animal skin       |    14 |    32 |    47 ||    93
Dodge: Dodged            |    54 |    61 |   134 ||   249
